 Dungeon Sprint DCSS version 0.30-a0-840-ga523dec638 (webtiles) character file.

Game seed: 9377205549309629545

96 retardedninja the Trooper (level 4, -2/45 HPs)
             Began as a Hill Orc Fighter on Mar 1, 2023.
             Killed from afar by an oklob sapling priest (16 damage)
             ... with a splash of acid
             ... in the Dungeon (Sprint IV: "Fedhas' Mad Dash").
             The game lasted 00:00:21 (225 turns).

retardedninja the Trooper (Hill Orc Fighter)         Turns: 225, Time: 00:00:22

Health: -2/45      AC:  7    Str: 20    XL:     4   Next: 67%
Magic:  4/4        EV:  9    Int:  8    God:
Gold:   59         SH:  5    Dex: 10    Spells: 3/3 levels left

rFire   . . .      SeeInvis .    a - +0 war axe
rCold   . . .      Faith    .    c - +0 buckler
rNeg    . . .      Spirit   .    b - +0 scale mail
rPois   .          Reflect  .    (no helmet)
rElec   .          Harm     .    (no cloak)
rCorr   .          Rampage  .    (no gloves)
Will    .....      NoTele   +    (no boots) Stlth
                                 k - amulet of invisibility {+Inv}
HPRegen 0.27/turn                (no ring)
MPRegen 0.09/turn                (no ring)

@: no status effects
A: no striking features
a: Evoke Invisibility


You were in the Dungeon.
You visited 1 branch You collected 59 gold pieces.

Inventory:

Hand Weapons
 a - a +0 war axe (weapon)
Armour
 b - a +0 scale mail (worn)
 c - a +0 buckler (worn)
Jewellery
 k - the amulet of invisibility (around neck) {+Inv}
   (You found it in the Dungeon)

   [amulet of nothing]

   +Inv:      It lets you turn invisible.
Scrolls
 j - a scroll of blinking
 l - a scroll of vulnerability {unknown}
Potions
 d - a potion of might
 e - a potion of curing
 f - a potion of heal wounds
 g - a potion of haste
 h - 2 potions of magic
 i - a potion of berserk rage


   Skills:
 + Level 6.6 Fighting
 + Level 5.3 Axes
 + Level 6.1 Armour
 + Level 5.9 Shields


You had 3 spell levels left.
You didn't know any spells.
Your spell library was empty.

Dungeon Overview and Level Annotations

Branches:
Dungeon (1/1)

Altars:
Cheibriados
Dithmenos
Elyvilon
Gozag
Hepliaklqana
Kikubaaqudgha
Makhleb
Nemelex Xobeh
Okawaru
Qazlal
Ru
Sif Muna
Trog
Uskayaw
Vehumet
Wu Jian
Xom
Yredelemnul
Zin
The Shining One
Beogh
Jiyva
Lugonu

Annotations:
D exclusion: oklob sapling


Message History

You slash the scorpion!
You kill the scorpion!
Your Fighting skill increases to level 6!
Your Axes skill increases to level 5!
Your Armour skill increases to level 6!
Your Shields skill increases to level 5!
You have reached level 4!
You see here a +0 dagger.
k - the amulet of invisibility {+Inv}
l - a scroll labelled KATRENT SOFRIY You now have 16 gold pieces.
You now have 28 gold pieces (gained 12).
You now have 44 gold pieces (gained 16).
You now have 59 gold pieces (gained 15).
You start putting on your amulet.
You continue putting on the amulet of invisibility {+Inv}. x5
You finish putting on the amulet of invisibility {+Inv}.
k - the amulet of invisibility (around neck) {+Inv} You open the door.
Found ten altars.
An oklob sapling priest comes into view.
Found three altars.
The oklob sapling priest spits acid at you.
The splash of acid hits you!!
Marking area around an oklob sapling priest as unsafe for travelling.
There is an open door here.
Found three altars.
Found two altars.
Found three altars.
The oklob sapling priest looks satisfied for a moment.
There is an opulent altar of Gozag here.
Found a corrupted altar of Lugonu and a radiant altar of Vehumet.
There is a burning altar of Makhleb here.
The oklob sapling priest calls down the wrath of its god upon you.
Something smites you!
* * * LOW HITPOINT WARNING * * *
There is a sparkling altar of Nemelex Xobeh here.
You hit the oklob sapling priest but do no damage.
The oklob sapling priest spits acid at you.
The splash of acid hits you!
You die...

########################
†...#.....#.⌠._._._._.⌠.
(...'.#)..'.._._._._._..
....#.#...#..._.@P_._...
########+##.._._._._._..
#._._._._._.⌠.
##############


You could see an oklob sapling priest.

Vanquished Creatures
  A scorpion (D)
  An oklob sapling (D)
  A river rat (D)
  A rat (D)
4 creatures vanquished.

Vanquished Creatures (others)
  2 fungi (D)
2 creatures vanquished.

Grand Total: 6 creatures vanquished

Notes
Turn   | Place    | Note
-------+----------+-------------------------------------------
     0 | D        | retardedninja the Hill Orc Fighter began the quest for the
                  | Orb.
     0 | D        | Reached XP level 1. HP: 19/19 MP: 1/1
    14 | D        | Reached XP level 2. HP: 27/28 MP: 2/2
    18 | D        | Noticed an oklob sapling
    23 | D        | Killed an oklob sapling
    24 | D        | Reached skill level 5 in Fighting
    24 | D        | Reached skill level 5 in Armour
    24 | D        | Reached XP level 3. HP: 20/36 MP: 3/3
   187 | D        | Noticed a scorpion
   187 | D        | Found the amulet of invisibility {+Inv}
   193 | D        | Killed a scorpion
   194 | D        | Reached skill level 5 in Axes
   194 | D        | Reached skill level 5 in Shields
   194 | D        | Reached XP level 4. HP: 38/45 MP: 4/4
   216 | D        | Found an opulent altar of Gozag.
   216 | D        | Found a hazy altar of Hepliaklqana.
   216 | D        | Found a burning altar of Makhleb.
   216 | D        | Found a roughly hewn altar of Beogh.
   216 | D        | Found a sparkling altar of Nemelex Xobeh.
   216 | D        | Found a snail-covered altar of Cheibriados.
   216 | D        | Found a sacrificial altar of Ru.
   216 | D        | Found a shimmering blue altar of Sif Muna.
   216 | D        | Found a shimmering altar of Xom.
   216 | D        | Found a basalt altar of Yredelemnul.
   217 | D        | Found a viscous altar of Jiyva.
   217 | D        | Found a bloodstained altar of Trog.
   217 | D        | Found an ornate altar of the Wu Jian Council.
   217 | D        | Noticed an oklob sapling priest
   218 | D        | Found an iron altar of Okawaru.
   218 | D        | Found a shadowy altar of Dithmenos.
   218 | D        | Found a glowing silver altar of Zin.
   219 | D        | Found an ancient bone altar of Kikubaaqudgha.
   219 | D        | Found a hide-covered altar of Uskayaw.
   220 | D        | Found a stormy altar of Qazlal.
   220 | D        | Found a white marble altar of Elyvilon.
   220 | D        | Found a glowing golden altar of the Shining One.
   221 | D        | Found a corrupted altar of Lugonu.
   221 | D        | Found a radiant altar of Vehumet.
   225 | D        | Killed from afar by an oklob sapling priest

Illustrated notes

Levels and vault maps discovered:
D:        dungeon_sprint_fedhas [sprint_temple]

Skill      XL: |  1  2  3 |
---------------+----------+-----
Fighting       | 4 5 6 |  6.6
Axes           | 3 4 5 |  5.3
Armour         | 4 5 6 |  6.1
Shields        | 4 5 |  5.9

Action                     |  1- 3 |  4- 6 || total
---------------------------+-------+-------++-------
  Melee: War axe           |    15 |     1 ||    16
 Armour: Scale mail        |     4 |       ||     4
  Dodge: Dodged            |     8 |       ||     8
  Block: Buckler           |     3 |       ||     3

Table legend: (Time is in decaauts)
 A = Elapsed time spent in this place.
 B = Non-inter-level travel time spent in this place.
 C = Inter-level travel time spent in this place.
 D = Time resting spent in this place.
 E = Time spent auto-exploring this place.
 F = Levels seen in this place.
 G = Mean time per level.
                   A        B        C        D        E       F      G
               +--------+--------+--------+--------+--------+-----+--------+
         Total |    231 |    231 |      0 |    162 |      0 |   1 |  231.0 |
       Dungeon |    231 |    231 |      0 |    162 |      0 |   1 |  231.0 |
               +--------+--------+--------+--------+--------+-----+--------+

Top non-repeatable levels by time:
       D: 231 daAuts
